Workbook
Name _gjdgxs: Formato_RFC!#REF!
Name Afectacion: '[1]Matriz impacto-riesgo'!$R$13:$R$15
Name Aplicaciones: '[1]Matriz impacto-riesgo'!$R$25:$R$28
Name Complejidad: '[1]Matriz impacto-riesgo'!$R$10:$R$12
Name Experienciacambios: '[1]Matriz impacto-riesgo'!$R$4:$R$6
Name Externos: '[1]Matriz impacto-riesgo'!$R$16:$R$17
Name Impacto: [2]Parametros!$C$15:$C$19
Name Implementacion: '[1]Matriz impacto-riesgo'!$R$18:$R$20
Name Probabilidad: [2]Parametros!$C$7:$C$11
Name Servicios: '[1]Matriz impacto-riesgo'!$R$21:$R$24
Name Tipo: '[2]Matriz de Impacto'!$P$6:$P$9

Sheet Instructivo
B1: INSTRUCTIVO | E1: CÓDIGO | G1: F-GIG-001
B2: FORMATO REQUERIMIENTO DE CAMBIOS DE TECNOLOGÍAS DE INFORMACIÓN | E2: VERSIÓN | G2: 2
E3: CLASIFICACIÓN DE LA INFORMACIÓN | G3: PÚBLICA
A5: INSTRUCTIVO DE DILIGENCIAMIENTO RFC - CAMBIOS TECNOLÓGICOS
A6: No. | B6: CAMPO | C6: INFORMACIÓN QUE DEBE CONTENER
A7: 1. INFORMACIÓN GENERAL - REGISTRO
A8: 1.1. | B8: Nro. RFC | C8: Diligenciar el registro de acuerdo al número consecutivo para el registro de la solicitud de cambio. RFC: Formato Solicitud Cambio (Request For Change).
A9: 1.2. | B9: Fecha de Solicitud | C9: Diligenciar la fecha en la que se solicita el cambio.
A10: 1.3. | B10: Estado del Cambio | C10: Diligenciar el estado del control de cambios: Activo: Control de cambios que se encuentra pendiente de ejecución En Ejecución: Cambio aprobado y en ejecucción de actividades Cerrado: Cambio finalizado, documentado, las evidencias en el repositorio asignado y con cierre aprobado
A11: 1.4. | B11: No. de Incidencia Asignado | C11: Diligenciar el registro de acuerdo al número de incidencia generado en iTOP para el registro de la solicitud de cambio.
A12: 1.5. | B12: Tipo de Categoria de Cambio | C12: Diligenciar el tipo de cambio para los cambios de infraestructura Tecnológica y/o Funcional para los sistemas de información o aplicaciones del SGC. TECNOLÓGICO - INFRAESTRUCTURA TI: Cambios relacionados con el Hardware y Software en los ambientes Tecnologicos del SGC. FUNCIONAL - SISTEMAS DE INFORMACIÓN SGC: Cambios relacionados con el Software en los ambientes Tecnologicos del SGC.
A13: 1.6. | B13: Nombre del Servicio de TI | C13: Diligenciar el nombre(s) del Servicio(s) para la solicitud de contol de cambios de acuerdo con el Catálogo de Servicios de TI.
A14: 1.6.1. | B14: Código del Servicio de TI | C14: Diliigenciar el ID o Código único del servicios de TI de acuerdo con el Catálogo de Servicios de TI
A15: 1.7. | B15: Nombre Sistema de Información o Aplicación(es): | C15: Diligenciar eln nombre Sistema de Información o Aplicación(es) que se realizará el contol de cambios de acuerdo con el catálogo de aplicaciones.
A16: 1.7.1 | B16: ID. Sistema de Información: | C16: Diligenciar el ID del Sistema de Información o Aplicación(es) que se realizará el contol de cambios de acuerdo con el catálogo de aplicaciones.
A17: 1.8. | B17: DATOS DEL SOLICITANTE | C17: Diligenciar los campos del solicitante del Control de Cambios.
A18: 1.8.1. | B18: Nombre del Solicitante / Requerido por: | C18: Diligenciar el nombre del colaborador que solicita el Control de Cambios.
A19: 1.8.2. | B19: Rol del solicitante | C19: Diligencie el rol que desempeña en solicitante en el SGC. Ejemplo: Administrador de Bases de Datos; Administrador de infraestructura de redes y conectividad, Desarrollador SI
... A26: 1.8.9. | B26: Teléfono - Celular: | C26: Diligenciar el número de Celular o Teléfono del solicitante del Control de Cambios.
A27: 1.9. | B27: RECURSO HUMANO RESPONSABLE DEL CAMBIO
A28: 1.9.1. | B28: Líder de cambio: | C28: Diligenciar el nombre, cargo o rol, Correo institucional y teléfono de contacto del Líder del Cambio
A29: 1.9.2. | B29: Implementador(es) del cambio - Infraestructura TI: | C29: Diligenciar el nombre o nombres, cargo o rol, Correo institucional y teléfono de contacto del implementador o implementadores del cambio - Infraestructura TI (pueden participar varias personas en la implementación del cambio, deben incluirse todas con sus respectivos datos). Si el cambio no se relaciona con Infraestructura TI debe diligenciar N/A
A30: 1.9.3. | B30: Implementador (es) del cambio Sistemas de Información: | C30: Diligenciar el nombre o nombres, cargo o rol, Correo institucional y teléfono de contacto del implementador o implementadores del cambio - Sistemas de Información (pueden participar varias personas en la implementación del cambio, deben incluirse todas con sus respectivos datos). Si el cambio no se relaciona con Sistemas de Información, debe diligenciar N/A
A31: 1.9.4. | B31: Funcional o dueño aplicativo misional - apoyo: | C31: Diligenciar el nombre o nombres, cargo o rol, Correo institucional y teléfono de contacto del iFuncional o dueño aplicativo misional - apoyo. Si el cambio no se relaciona con Aplicativo Misiona - Apoyo, debe diligenciar N/A
A32: 1.10. | B32: GESTIÓN DEL CONTROL CAMBIOS TECNOLÓGICOS
A33: 1.10.1. | B33: Tipo de Cambio: | C33: Diligenciar el Tipo el Control de Cambios. CAMBIO ESTÁNDAR: Son cambios de bajo riesgo, bien documentados y de bajo impacto que siguen un proceso predefinido y aprobado. Ejemplo: Reemplazar el cartucho de tinta de una impresora o instalar una aplicación comercial en una PC que cumple con los estándares. CAMBIO NORMAL: Requieren una evaluación formal del riesgo y una autorización, ya que conllevan un mayor grado de riesgo o complejidad. Este tipo de cambio abarca tanto los menores (bajo a medio impacto y urgencia) como los mayores (alto impacto y urgencia), los cuales pueden incluir un retorno de la inversión significativo. Ejemplo: Mover servicios en las instalaciones a la nube o una actualización de un portal interno. CAMBIO EMERGENCIA: Se aplican en situaciones críticas o inesperadas, como fallas de un servidor o una vulnerabilidad de seguridad. Requieren una acción y aprobación rápidas para restaurar los servicios lo antes posible, a menudo evitando algunos pasos del proceso estándar para agilizar la implementación. Ejemplo: Implementar un parche de seguridad crítico o responder a una interrupción del centro de datos.
A34: 1.10.2. | B34: Objetivo del Cambio: | C34: Describir el objetivo del cambio.
A35: 1.10.3. | B35: Justificación del Cambio: | C35: Describir la justificación el porqué del control de cambio.
A36: 1.10.4. | B36: Descripción del Cambio: | C36: Describir gerencialmente el control de cambio.
A37: 1.10.5. | B37: Situación actual y razón del cambio: | C37: Descripción Especificación detallada del cambio (Técnica y Funcional) Nota: Si el cambio implica adicionalmente el ajuste y/o creación de nuevos roles y accesos, detallar.
A38: 2. ETAPA DE PLANIFICACIÓN Y EVALUACIÓN DEL CAMBIO DE TI
A39: 2.1. | B39: Servicios TI e Infraestructura afectados: | C39: Listar los servicios que se verían afectados con la ejecución del cambio (Ejemplo: Portal web, Correo electrónico, etc.)
A40: 2.2. | B40: ¿Afecta la Disponibilidad? | C40: Seleccionar SI, en caso de que el cambio afecte la disponibilidad del servicio involucrado o NO, en caso contrario.
A41: 2.3. | B41: ¿Habrá Intermitencia? | C41: Seleccionar SI, en caso de que el cambio genere intermitencia del servicio involucrado o NO, en caso contrario.
A42: 2.4. | B42: ¿Requiere ejecutar plan de pruebas? | C42: Seleccionar SI, en caso de requerir ejecutar plan de pruebas o NO, en caso de no requerir la ejecución del plan de pruebas
A43: 2.5. | B43: ¿Se requiere comunicar a usuarios interesados? | C43: Seleccionar SI, en caso de requerir comunicar sobre la ejecución del cambio a usuarios interesados o NO, en caso de no requerirlo
A44: 2.6. | B44: PRERREQUISITOS | C44: Describir las condiciones previas necesarias para la ejecución del cambio (Ejemplo: autorizaciones, privilegios de usuarios, cambio de estado, etc.)
A45: 2.7. | B45: PLAN DE PRUEBAS POSTERIORES A LA IMPLEMENTACIÓN DEL CAMBIO | C45: Plan de Pruebas (técnicas y funcionales): Explique de manera detallada y secuencial la lista de actividades para determinar que el cambio fue implementado de manera exitosa
A46: 2.7.1. | B46: Actividades plan de pruebas | C46: Incluir las actividades desarrolladas en el plan de pruebas.
A47: 2.7.2. | B47: Fecha/Hora Inicio | C47: Incluir la fecha (en formato DD/MM/AAAA) y la hora (HH:MM) en la que se da inicio a la actividad del plan de pruebas
A48: 2.7.3. | B48: Fecha/Hora finalización | C48: Incluir la fecha (en formato DD/MM/AAAA) y la hora (HH:MM) en la que se finaliza la actividad del plan de pruebas
A49: 2.7.4. | B49: Responsable | C49: Diligenciar el nombre y apellidos de la persona responsable de cada una de las actividades del plan de pruebas.
A50: 2.7.5. | B50: Resultados | C50: Describir los resultados obtenidos en cada una de las actividades del plan de pruebas.
... A61: 2.9.5. | B61: Forma de comunicación | C61: Seleccionar la forma de comunicación a los usuarios, sobre la ejecución del cambio. (Ejemplo: si se planea enviar un correo masivo generado por una ventana de mantenimiento, la forma de comunicación será correo electrónico).
A62: 3. RELACIÓN DE ESTE CAMBIO CON OTROS CONTROLES DE CAMBIOS
A63: 3.1. | C63: Explique de manera detallada la relación de este cambio con otros, enuncie los números de los RFC’s relacionados
A64: 4. PLAN Y GESTIÓN DE RIESGOS / MATRIZ DE IMPACTO VS RIESGOS PRIORIDAD E IMPACTO DEL CAMBIO
A65: 4.1. | B65: Riesgo (Validar Matriz de Riesgo): | C65: Su objetivo es evaluar la probabilidad de que un cambio cause una interrupción o un problema y el impacto que tendría si ocurriera. Permite identificar, analizar y priorizar los riesgos asociados a los cambios en la tecnología del SGC, como actualizaciones de software, implementaciones de hardware o modificaciones de infraestructura.
A66: 4.2. | B66: Urgencia | C66: Se refiere a la velocidad con la que debe abordarse el control de cambios para evitar un daño significativo, amenaza en el infraestructura tecnológica y/o áreas del SGC.
A67: 4.2.1. | B67: Urgencia Clasificación | C67: Se define como la medida de tiempo para determinar la materialización de un riesgo del cambio, un incidente o problema. BAJO: Es cuando probablemente el riesgo se podría materializar en el largo plazo. MEDIO: Es cuando el riesgo puede materializarse en el mediano plazo. ALTO: Es cuando el riesgo está próximo a materializarse.
A68: 4.2.2. | B68: Urgencia Descripción | C68: De acuerdo con la selección en la clasificación de la urgencia se visualiza el tipo. BAJO: El cambio es requerido para implementar una nueva funcionalidad, mejora o mantenimiento preventivo. MEDIO: El cambio es requerido para resolver un incidente o problema que está causando Intermitencia o degradación del servicio. ALTO: El cambio es requerido para resolver un incidente o problema que está causando Indisponibilidad total del servicio, es un tema regulatorio o es para implementar-modificar una funcionalidad donde están involucrados usuarios VIP, o involucra un servicio crítico para la continuidad del negocio.
A69: 4.3 | B69: Análisis del Impacto del Cambio: | C69: Se refiere al efecto que el Control de Cambio tiene en los procesos Misionales, Apoyo, Direcciones, Regionales y áreas del SGC. El impacto mide la severidad del daño o la magnitud del beneficio.
A70: 4.3.1. | B70: CIs (Ítems de configuración) | C70: CI´s, elementos de configuración que se pueden ver afectados por el Control de Cambios a nivel de Hardware y Software. BAJO: 1 CIs. MEDIO: 2 Cis. ALTO: 3 o más Cis.
A71: 4.3.2. | B71: Personas Afectadas/Impactadas: | C71: Detalle la línea base de los componentes y grupo de personas que se van a ver afectados por el cambio. El Impacto se valora de acuerdo a lo más significante en los componentes: BAJO: El cambio afecta entre 0 y 10 Personas. MEDIO: El cambio afecta entre 11 y 20 Personas. ALTO: El cambio afecta más de 20 Personas.
A72: 4.4. | B72: Probabilidad: | C72: Es predecir los resultados de como la probabilidad de que un componente sea defectuoso o la experiencia en la ejecución del Control de Cambios. BAJO: En los últimos 12 Meses se ha tenido interrupción, pérdida o degradación del servicio o la información por causa de este tipo de cambios 1 o ninguna vez. MEDIO: En los últimos 12 Meses se ha tenido interrupción, pérdida o degradación del servicio o la información del servicio por causa de este tipo de cambios entre 2 y 3 veces. ALTO: En los últimos 12 Meses se ha tenido interrupción, pérdida o degradación del servicio o la información del servicio por causa de este tipo de cambios más de 4 veces.
A73: 4.5. | B73: Observaciones: | C73: Diligenciar los coemntarios relacionados para la matriz de riesgos
A74: 4.6. | B74: PLAN DE RIESGOS | C74: Detalle los riesgos de este cambio y los controles y contingencias para mitigarlos
A75: 4.6.1. | B75: Riesgos | C75: Describir el posible evento que podría causar daño o perdida, o dificultar el logro de los objetivos del Control de Cambios.
A76: 4.6.2. | B76: Control Preventivo/ Contingencias | C76: Describir las medidas implementadas antes de una amenaza para reducir la probabilidad y el impacto de que el riesgo se materialice en el Control de Cambios.
A77: 4.6.3. | B77: Responsable | C77: Diligenciar el nombre completo del colaborador responsable de ejercer el control.
A78: 5. PLAN DE EJECUCIÓN DEL CAMBIO
A79: 5.1. | B79: Actividades previas al cambio de TI | C79: Registrar el datalle de las actividades a realizar en la ejecución del Control de Cambios.
A80: 5.2. | B80: Fecha/Hora Inicio | C80: Registrar la fecha y hora inicio de las actividades.
A81: 5.3. | B81: Fecha/Hora finalización | C81: Registrar la fecha y hora de finalización de las actividades.
A82: 5.4. | B82: Responsable | C82: Registrar el colaborador responsable de la ejecución y validar la disponibilidad.
A83: 5.5. | B83: Actividades durante el cambio de TI | C83: Registrar el datalle de las actividades realizadas en la ejecución del Control de Cambios.
A84: 5.6. | B84: Fecha/Hora Inicio | C84: Registrar la fecha y hora inicio de las actividades.
A85: 5.7. | B85: Fecha/Hora finalización | C85: Registrar la fecha y hora de finalización de las actividades.
A86: 5.8. | B86: Responsable | C86: Registrar el colaborador responsable de la ejecución y validar la disponibilidad.
A87: 6. ETAPA DE RESULTADOS DEL CAMBIO DE TI
A88: 6.1. | B88: 6.1. Resultados del Cambio: ¿El Cambio fue exitoso? | C88: Diligenciar el tipo de resultados del Control de Cambios. SI: La ejecución del Control de Cambios no presento novedades SI: con Novedad: La ejecución del Control de Cambios presento alguna novedad, por favor diliegenciar el campo de observaciones. NO: La ejecución del Control de Cambios presentó alguna falla en las actividades, por favor diliegenciar el campo de observaciones. Aplazado o Reprogramado: El Control de Cambios fue aplazado o reprogramados debido a las decisiones del Comité de Cambios - CAB - ECAB ó desiciones o actividades administrativas y funcionales del SGC. Cancelado: El Control de Cambios fue cancelado debido a las decisiones del Comité de Cambios - CAB - ECAB ó desiciones o actividades administrativas y funcionales del SGC.
A89: 6.2. | B89: ¿Se presentaron incidentes posteriores al cambio? | C89: SI: Indicar los incidentes que se presentaron con el Control de Cambios, por favor diliegenciar el campo de observaciones. NO: No se presentaron incidentes asociados al Control de Cambios.
A90: 6.3. | B90: Observaciones del resultado del cambio: | C90: Diligenciar las observaciones pertinentes de acuerdo con el resultado del control de cambios, registrar las novedades si las hubo, describir los incidentes posteriores si los hubo y todo lo que considere relevante en el resultado del cambio, por ejemplo si tuvo que ejecutar una tarea más para poder lograr el cambio.
A91: 6.4. | B91: Tiempo Planeado para la ejecución del cambio de TI (Días, horas, o minutos) | C91: Incluir el tiempo estimado para realizar el cambio.
A92: 6.5. | B92: Tiempo Real de ejecución del cambio de TI (Días, horas, o minutos) | C92: Incluir el tiempo total que tomó la ejecución del cambio. (Debe estar en la misma unidad que el tiempo planeado (Días, horas, o minutos, etc.)
A93: 6.6. | B93: Si el Tiempo real de ejecución es superior al Planeado justifique las razones del inconveniente presentado. | C93: Diligenciar solo si el tiempo real de ejecución es superior al tiempo planeado para la ejecución del cambio. De ser así, describir los motivos por los cuales el cambio tardó más tiempo de lo contemplado inicialmente (Ejemplo: El servidor físico tardó 10 minutos en reiniciarse porque tenía las siguientes actualizaciones pendientes: Actualización_KB290779 del Ssistema Operativo).
A94: 7. PLAN DE ROLL BACK - RETORNO - Aplica para Cambios NORMAL y EMERGENCIA
A95: 7.1. | B95: Actividades del Plan de Rollback | C95: Incluir las actividades ejecutadas de Roll Back (Ejemplo: Backup de BD y servidores).
A96: 7.2. | B96: Fecha/Hora Inicio | C96: Incluir la fecha (en formato DD/MM/AAAA) y la hora (HH:MM) en la que se da inicio a la actividad de Roll Back.
A97: 7.3. | B97: Fecha/Hora finalización | C97: Incluir la fecha (en formato DD/MM/AAAA) y la hora (HH:MM) en la que se finaliza la actividad de Roll Back.
A98: 7.4. | B98: Responsable | C98: Diligenciar el nombre y apellidos de la persona responsable de cada una de las actividades de Roll Back.
A99: 7.5. | B99: ¿Requiere ejecutar plan de rollback? | C99: Seleccionar SI, en caso de requerir ejecutar plan de Roll Back o NO, en caso de no requerir la ejecución del plan de Roll Back.
A100: 7.6. | B100: ¿El rollback o Plan de Retorno fue exitoso? | C100: Diligenciar SI o NO, dilgenciar las observaciones de requerir la ejecución del plan de Roll Back.
A101: 7.7. | B101: Observaciones del RollBack - Retorno | C101: Diligenciar las observaciones pertinentes de acuerdo con el resultado del rollack o plan de retorno del Control de Cambios.
A102: 8. PROGRAMACIÓN
A103: 8.1. | B103: Fecha Aprobada: (DD-MM-AAAA) | C103: Incluir la fecha (en formato DD/MM/AAAA) en la que se aprueba el Control de Cambios.
A104: 8.2. | B104: Hora Inicio Aprobada (HH24:MM) | C104: Incluir la hora (HH:MM) en la que se aprueba el Control de Cambios.
A105: 8.3. | B105: Duración: (Horas y Minutos) | C105: Registrar la duración de la reunión del Comité de Cambios (CAB) ó Comité de Cambios de Emergencia (ECAB)
A106: 8.4. | B106: Ventana de Indisponibilidad Aprobada: (HH24:MM a HH24:MM) | C106: Registrar las horas de indisponibilidad para el Control de Cambios.
A107: 8.5. | B107: Observaciones: | C107: Diligenciar las observaciones de la programación para el Control de Cambios.
A108: 9. DOCUMENTACIÓN
A109: 9.1. | B109: Gestión de Plataformas de TI | C109: Espacio para indicar las rutas de repositorios, documentación, manuales, instructivos, evidencias relacionadas con el control de cambio tecnológico sobre la Plataforma de TI
A110: 9.2. | B110: Sistemas de Información | C110: Espacio para indicar las rutas de repositorios, documentación, manuales, instructivos, evidencias relacionadas con el control de cambio tecnológico sobre los sistemas de información
A111: 10. RESPONSABLES Y ESTADOS
A112: 10.1. | B112: CAB (Change Advisory Board) | C112: Seleccionar el tipo de Comité de Control de Cambios
A113: 10.2. | B113: Fecha de reunión CAB: | C113: Incluir la fecha (en formato DD/MM/AAAA) en la que se realiza la reunión del Control de Cambios.
A114: 10.3. | B114: ECAB (EmergencyChange Advisory Board) | C114: Seleccionar el tipo de Comité de Control de Cambios de Emergencia
A115: 10.4. | B115: Fecha de reunión ECAB: | C115: Incluir la fecha (en formato DD/MM/AAAA) en la que se realiza la reunión del Control de Cambios de Emergencia.
A116: 10.5. | B116: Aprobadores Comité de Cambios | C116: Diligencie los datos requeridos de los aprobadores del cambio
A117: 10.5.1. | B117: Gestión de Plataforma TI: (Coordinador / Delegado) | C117: Diligencie el nombre y correo institucional del Coordinador o delegado del grupo de Gestión de Plataforma de TI e indique si partició o no en el comité de aprobación
...

Sheet Formato_RFC
D1: FORMATO | O1: CÓDIGO: | Q1: F-TEC-0001
D2: REQUERIMIENTO DE CAMBIOS DE TECNOLOGÍAS DE INFORMACIÓN | O2: VERSIÓN: | Q2: 2
O3: CLASIFICACIÓN DE LA INFORMACIÓN: | Q3: PÚBLICA
A5: 1. INFORMACIÓN GENERAL - REGISTRO
A6: 1.1. Nro. RFC: | H6: 1.2. Fecha Solicitud: (DD-MM-AAAA) | M6: 1.3. Estado del Cambio: | P6: Seleccionar | R6: =IF(P6="Activo",3,IF(P6="En Ejecución",2,IF(P6="Cerrado",-1,"")))
A7: 1.4. Nro. Incidencia Relacionadas (ITOP):
A8: 1.5 Tipo de Categoría de Cambio: | D8: TECNOLÓGICO - INFRAESTRUCTURA TI | K8: FUNCIONAL - SISTEMAS DE INFORMACIÓN SGC
A9: 1.6. Nombre del Servicio de TI: | K9: 1.7. Nombre Sistema de Información o Aplicación(es):
A10: 1.6.1. Código del Servicio de TI: | K10: 1.7.1 ID. Sistema de Información:
A11: 1.8. DATOS DEL SOLICITANTE
A12: 1.8.1. Nombre del Solicitante /Requerido por | H12: 1.8.2. Rol del Solicitante | M12: 1.8.3. Tipo de solicitante | O12: Colaborador SGC | P12: Proveedor Tecnológico
A13: 1.8.4. Cargo del Solicitante: | J13: 1.8.5. Área / Dependencia: | O13: 1.8.6. Jefe /Coordinador/Director
A14: 1.8.7. Correo del Solicitante: | J14: 1.8.8. Nro. Ext del solicitante | O14: 1.8.9.Teléfono - Celular del solicitante
A15: 1.9. RECURSO HUMANO RESPONSABLE DEL CAMBIO
D16: Nombre | H16: Cargo /Rol | M16: Correo | P16: Teléfono
A17: 1.9.1. Líder del Cambio
A18: 1.9.2. Implementador(es) del cambio - Infraestructura TI:
A19: 1.9.3. Implementador (es) del cambio Sistemas de Información:
A20: 1.9.4. Funcional o dueño aplicativo misional - apoyo:
A21: 1.10. GESTIÓN DEL CONTROL CAMBIOS TECNOLÓGICOS
A22: 1.10.1. Tipo de Cambio: | D22: =IF(G22="","DEFINIR TIPO CAMBIO ESTÁNDAR","ESTÁNDAR") -> DEFINIR TIPO CAMBIO ESTÁNDAR | G22: =IF(Parámetros!K7=1,Parámetros!L7,"") | I22: =IF(L22="","DEFINIR TIPO CAMBIO NORMAL","NORMAL") -> NORMAL | L22: =IF(Parámetros!K7=2,Parámetros!L8,"") -> #VALUE! | N22: =IF(Q22="","DEFINIR TIPO CAMBIO EMERGENCIA","EMERGENCIA") -> DEFINIR TIPO CAMBIO EMERGENCIA | Q22: =IF(Parámetros!K7=3,Parámetros!L9,"")
A23: 1.10.2. Objetivo del Cambio:
A24: 1.10.3. Justificación del Cambio:
A25: 1.10.4. Descripción del Cambio:
A26: 1.10.5. Situación actual y razón del cambio:
A27: Descripción Especificación detallada del cambio (Técnica y Funcional) Nota: Si el cambio implica adicionalmente el ajuste y/o creación de nuevos roles y accesos, detallar.
A29: 2. ETAPA DE PLANIFICACIÓN Y EVALUACIÓN DEL CAMBIO DE TI
A30: 2.1. Servicios TI e Infraestructura afectados: | D30: 1 | K30: 4
D31: 2 | K31: 5
D32: 3 | K32: 6
A33: 2.2. ¿Afecta la Disponibilidad? | D33: SI | E33: NO | F33: 2.3. ¿Habrá Intermitencia? | I33: SI | J33: NO | K33: 2.4. ¿Requiere ejecutar plan de pruebas? | N33: SI | O33: NO
A34: 2.5. ¿Se requiere Comunicar a usuarios interesados? | D34: SI | E34: NO
A35: 2.6. PRERREQUISITOS
A36: 2.6.1. Describir las condiciones previas necesarias para la ejecución del cambio (Ejemplo: autorizaciones, privilegios de usuarios, cambio de estado, etc.)
A40: 2.7. PLAN DE PRUEBAS POSTERIORES A LA IMPLEMENTACIÓN DEL CAMBIO
A41: 2.7.0 Plan de Pruebas (técnicas y funcionales): Explique de manera detallada y secuencial la lista de actividades para determinar que el cambio fue implementado de manera satisfactoria
A42: 2.7.1. Actividades plan de pruebas | F42: 2.7.2. Fecha/Hora Inicio | K42: 2.7.3. Fecha/Hora finalización | O42: 2.7.4. Responsable | Q42: 2.7.5. Resultados
F43: DURACIÓN ACTIVIDAD (HH-MM-SS / DIAS | G43: FECHA | H43: HH:MM | K43: FECHA | N43: HH:MM
A44: 1 | F44: =N44-H44 -> 0
A45: 2 | F45: =N45-H45 -> 0
A46: 3 | F46: =N46-H46 -> 0
A47: 2.8. PLAN DE RECURSOS
A48: 2.8.1. Detalle los recursos involucrados en el cambio incluyendo proveedores tecnológicos:
A50: 2.8.1. Actividades del Plan de Recursos | F50: 2.8.2. Fecha/Hora Inicio | K50: 2.8.3. Fecha/Hora finalización | O50: 2.8.4. Responsable
F51: DURACIÓN ACTIVIDAD (HH-MM-SS / DIAS | G51: FECHA | H51: HH:MM | K51: FECHA | N51: HH:MM
A52: 1 | F52: =N52-H52 -> 0
A53: 2 | F53: =N53-H53 -> 0
A54: 3 | F54: =N54-H54 -> 0
A55: 2.9. PLAN DE COMUNICACIONES
A56: 2.9.1. Actividades plan de Comunicaciones | F56: 2.9.2. Fecha/Hora Inicio | K56: 2.9.3. Fecha/Hora finalización | O56: 2.9.4. Responsable | Q56: 2.9.5. Forma de comunicación
F57: DURACIÓN ACTIVIDAD (HH-MM-SS / DIAS | G57: FECHA | H57: HH:MM | K57: FECHA | N57: HH:MM
A58: 1 | F58: =N58-H58 -> 0
A59: 2 | F59: =N59-H59 -> 0
A60: 3 | F60: =N60-H60 -> 0
A61: 3. RELACIÓN DE ESTE CAMBIO CON OTROS CONTROLES DE CAMBIOS
A62: 3.1. Explique de manera detallada la relación de este cambio con otros, enuncie los números de los RFC’s relacionados
A67: 4. PLAN Y GESTIÓN DE RIESGOS / MATRIZ DE IMPACTO VS RIESGOS PRIORIDAD E IMPACTO DEL CAMBIO
A68: 4.1. Riesgo (Validar Matriz de Riesgo): | F68: ='Matriz de Riesgos'!$F$15 -> BAJO | H68: Ir a Diligenciar Matriz de Riesgos
A70: 4.2 Urgencia | B70: 4.2.1 Clasificación | D70: 4.2.2. Descripción
B71: ='Matriz de Riesgos'!B45 -> Seleccione hoja:"Matriz de Riesgos | D71: ='Matriz de Riesgos'!C45 -> Seleccione hoja:"Matriz de Riesgos - Descripción
A72: 4.3 Análisis del Impacto del Cambio: | B72: ='Matriz de Riesgos'!B47 -> Seleccione hoja:"Matriz de Riesgos | D72: ='Matriz de Riesgos'!C47 -> Seleccione hoja:"Matriz de Riesgos - Descripción | G72: 4.3.1. CIs (Ítems de configuración) | J72: 4.5. Observaciones:
B73: ='Matriz de Riesgos'!B49 -> Seleccione hoja:"Matriz de Riesgos | D73: ='Matriz de Riesgos'!C49 -> Seleccione hoja:"Matriz de Riesgos - Descripción | G73: 4.3.2. Personas Afectadas/Impactadas:
A74: 4.4 Probabilidad: | B74: ='Matriz de Riesgos'!B51 -> Seleccione hoja:"Matriz de Riesgos | D74: ='Matriz de Riesgos'!C51 -> Seleccione hoja:"Matriz de Riesgos - Descripción
A75: 4.6. PLAN DE GESTIÓN RIESGOS
A76: 4.6.0. Detallar los riesgos de este cambio y los controles y contingencias para mitigarlos
A77: 4.6.1. Riesgos | G77: 4.6.2. Control Preventivo/ Contingencias | M77: 4.6.3. Responsable
A81: 5. PLAN DE EJECUCIÓN DEL CAMBIO
A82: 5.1. Actividades previas al cambio de TI | F82: 5.2. Fecha/Hora Inicio | K82: 5.3. Fecha/Hora finalización | O82: 5.4. Responsable
F83: DURACIÓN ACTIVIDAD (HH-MM-SS / DIAS | G83: FECHA | H83: HH:MM | K83: FECHA | N83: HH:MM
A84: 1
A85: 2
A86: 3
A87: 5.5. Actividades durante el cambio de TI | F87: 5.6. Fecha/Hora Inicio | K87: 5.7. Fecha/Hora finalización | O87: 5.8. Responsable
F88: DURACIÓN ACTIVIDAD (HH-MM-SS / DIAS | G88: FECHA | H88: HH:MM | K88: FECHA | N88: HH:MM
A89: 1
A90: 2
A91: 3
A93: 6. ETAPA DE RESULTADOS DEL CAMBIO DE TI
A94: 6.1. Resultados del Cambio: ¿El Cambio fue exitoso? | C94: SI SI con Novedad NO | E94: Aplazado o Reprogramado | G94: Cancelado | I94: No Implementado | K94: 6.2. ¿Se presentaron incidentes posteriores al cambio? | M94: SI NO
A95: 6.3. Observaciones del resultado del cambio:
A96: 6.4. Tiempo Planeado para la ejecución del cambio de TI (Días, horas, o minutos) | H96: 6.6. Si el Tiempo real de ejecución es superior al Planeado justifique las razones del inconveniente presentado.
A97: 6.5. Tiempo Real de ejecución del cambio de TI (Días, horas, o minutos)
A99: 7. PLAN DE ROLL BACK - RETORNO - Aplica para Cambios NORMAL y EMERGENCIA
A100: Plan de Retorno: Explique de manera detallada y secuencial las instrucciones para restaurar el servicio o volver al punto en caso de un intento fallido de este cambio, teniendo en cuenta el impacto, los riesgos y controles
A101: 7.1. Actividades del Plan de Rollback | F101: 7.2. Fecha/Hora Inicio | K101: 7.3. Fecha/Hora finalización | O101: 7.4. Responsable
F102: DURACIÓN ACTIVIDAD (HH-MM-SS / DIAS | G102: FECHA | H102: HH:MM | K102: FECHA | N102: HH:MM
A103: 1
A104: 2
A105: 3
A106: 7.5. ¿Requiere ejecutar plan de rollback? | D106: SI | F106: NO | G106: 7.6. ¿El rollback o Plan de Retorno fue exitoso? | I106: SI | J106: NO
A107: 7.7. Observaciones del RollBack - Retorno
A109: 8. PROGRAMACIÓN
A110: Espacio reservado para DGI - SGC
A111: 8.1. Fecha Aprobada: (DD-MM-AA) | G111: 8.5. Observaciones:
A112: 8.2. Hora Inicio Aprobada (HH24:MM)
A113: 8.3. Duración: (Horas y Minutos)
A114: 8.4. Ventana de Indisponibilidad Aprobada: (HH24:MM a HH24:MM)
A116: 9. DOCUMENTACIÓN
A117: Espacio para indicar las rutas de repositorios, documentación, manuales, instructivos, evidencias relacionadas con el control de cambio tecnológico
A118: 9.1. Gestión de Plataformas de TI:
...

Sheet Matriz de Riesgos
B2: DIRECCIÓN DE GESTIÓN DE INFORMACIÓN - DGI
B3: GT - GESTIÓN DE PLATAFORMA DE TECNOLOGIAS DE INFORMACIÓN
B4: MATRIZ DE RIESGOS CONTROL DE CAMBIOS TECNOLÓGICOS
B6: Riesgo | E6: Probabilidad | F6: % Probabilidad | G6: Impacto | H6: % impacto | I6: Valoración del riesgo | J6: Prob x impacto | K6: Descripción del control
B7: 1. Afectación en la prestación del servicio por fallas en la gestión del cambio, debido a la falta de experiencia en la ejecución de este | E7: Muy baja | F7: =IF(E7=Parámetros!$C$7,Parámetros!$D$7,IF('Matriz de Riesgos'!E7=Parámetros!$C$8,Parámetros!$D$8,IF(E7=Parámetros!$C$9,Parámetros!$D$9,IF(E7=Parámetros!$C$10,Parámetros!$D$10,IF(E7=Parámetros!$C$11,Parámetros!$D$11,"Seleccione la probabilidad"))))) -> 20 | G7: Leve: El riesgo afecta la imagen de algún área de la organización. No existen servicios afectados por el cambio. | H7: =IF(G7=Parámetros!$C$15,Parámetros!$D$15,IF(G7=Parámetros!$C$16,Parámetros!$D$16,IF(G7=Parámetros!$C$17,Parámetros!$D$17,IF(G7=Parámetros!$C$18,Parámetros!$D$18,IF(G7=Parámetros!$C$19,Parámetros!$D$19,"Seleccione el impacto"))))) -> 20 | I7: =IF(OR(E7=0,G7=0),"Seleccione la probabilidad y el impacto",IF(AND(F7<=40,H7<=40),"Bajo",IF(AND(OR(F7=60,F7=80),H7>=20,H7<=40),"Moderado",IF(AND(F7<=60,H7=60),"Moderado",IF(AND(F7=100,OR(H7=20,H7=40)),"Alto",IF(AND(F7=80,H7=60),"Alto",IF(AND(F7=100,AND(H7>=20,H7<=80)),"Alto",IF(H7=80,"Mayor",IF(YI7=100,OR(F7=20,F7=40,F7=60,F7=80,F7=100),"Extremo"))))))))) -> Bajo | J7: =IFERROR(F7*H7,"") -> 400
B8: 2. Afectación en la prestación de los servicios por falla en los componentes de la infraestructura tecnológica que los soporta, debido a errores en el despliegue del cambio propuesto | E8: Muy baja | F8: =IF(E8=Parámetros!$C$7,Parámetros!$D$7,IF('Matriz de Riesgos'!E8=Parámetros!$C$8,Parámetros!$D$8,IF(E8=Parámetros!$C$9,Parámetros!$D$9,IF(E8=Parámetros!$C$10,Parámetros!$D$10,IF(E8=Parámetros!$C$11,Parámetros!$D$11,"Seleccione la probabilidad"))))) -> 20 | G8: Leve: El riesgo afecta la imagen de algún área de la organización. No existen servicios afectados por el cambio. | H8: =IF(G8=Parámetros!$C$15,Parámetros!$D$15,IF(G8=Parámetros!$C$16,Parámetros!$D$16,IF(G8=Parámetros!$C$17,Parámetros!$D$17,IF(G8=Parámetros!$C$18,Parámetros!$D$18,IF(G8=Parámetros!$C$19,Parámetros!$D$19,"Seleccione el impacto"))))) -> 20 | I8: =IF(OR(E8=0,G8=0),"Seleccione la probabilidad y el impacto",IF(AND(F8<=40,H8<=40),"Bajo",IF(AND(OR(F8=60,F8=80),H8>=20,H8<=40),"Moderado",IF(AND(F8<=60,H8=60),"Moderado",IF(AND(F8=100,OR(H8=20,H8=40)),"Alto",IF(AND(F8=80,H8=60),"Alto",IF(AND(F8=100,AND(H8>=20,H8<=80)),"Alto",IF(H8=80,"Mayor",IF(YI8=100,OR(F8=20,F8=40,F8=60,F8=80,F8=100),"Extremo"))))))))) -> Bajo | J8: =IFERROR(F8*H8,"") -> 400
B9: 3. Afectación en la prestación del servicio por dificultades presentadas durante la ejecución del cambio, debido a la complejidad técnica y funcional | E9: Muy baja | F9: =IF(E9=Parámetros!$C$7,Parámetros!$D$7,IF('Matriz de Riesgos'!E9=Parámetros!$C$8,Parámetros!$D$8,IF(E9=Parámetros!$C$9,Parámetros!$D$9,IF(E9=Parámetros!$C$10,Parámetros!$D$10,IF(E9=Parámetros!$C$11,Parámetros!$D$11,"Seleccione la probabilidad"))))) -> 20 | G9: Moderado: El riesgo afecta la imagen de la entidad con algunos grupos de valor. Se afecta más de un servicio. | H9: =IF(G9=Parámetros!$C$15,Parámetros!$D$15,IF(G9=Parámetros!$C$16,Parámetros!$D$16,IF(G9=Parámetros!$C$17,Parámetros!$D$17,IF(G9=Parámetros!$C$18,Parámetros!$D$18,IF(G9=Parámetros!$C$19,Parámetros!$D$19,"Seleccione el impacto"))))) -> 60 | I9: =IF(OR(E9=0,G9=0),"Seleccione la probabilidad y el impacto",IF(AND(F9<=40,H9<=40),"Bajo",IF(AND(OR(F9=60,F9=80),H9>=20,H9<=40),"Moderado",IF(AND(F9<=60,H9=60),"Moderado",IF(AND(F9=100,OR(H9=20,H9=40)),"Alto",IF(AND(F9=80,H9=60),"Alto",IF(AND(F9=100,AND(H9>=20,H9<=80)),"Alto",IF(H9=80,"Mayor",IF(YI9=100,OR(F9=20,F9=40,F9=60,F9=80,F9=100),"Extremo"))))))))) -> Moderado | J9: =IFERROR(F9*H9,"") -> 1200
B10: 4.Indisponibilidad de los servicios por afectación en la infraestructura de TI, debido a la no implementación del cambio | E10: Muy baja | F10: =IF(E10=Parámetros!$C$7,Parámetros!$D$7,IF('Matriz de Riesgos'!E10=Parámetros!$C$8,Parámetros!$D$8,IF(E10=Parámetros!$C$9,Parámetros!$D$9,IF(E10=Parámetros!$C$10,Parámetros!$D$10,IF(E10=Parámetros!$C$11,Parámetros!$D$11,"Seleccione la probabilidad"))))) -> 20 | G10: Mayor: El riesgo afecta la imagen de la entidad con efecto publicitario sostenido en el sector Minero a nivel departamental o municipal / Sede Regional. Se afecta más de un servicio. | H10: =IF(G10=Parámetros!$C$15,Parámetros!$D$15,IF(G10=Parámetros!$C$16,Parámetros!$D$16,IF(G10=Parámetros!$C$17,Parámetros!$D$17,IF(G10=Parámetros!$C$18,Parámetros!$D$18,IF(G10=Parámetros!$C$19,Parámetros!$D$19,"Seleccione el impacto"))))) -> 80 | I10: =IF(OR(E10=0,G10=0),"Seleccione la probabilidad y el impacto",IF(AND(F10<=40,H10<=40),"Bajo",IF(AND(OR(F10=60,F10=80),H10>=20,H10<=40),"Moderado",IF(AND(F10<=60,H10=60),"Moderado",IF(AND(F10=100,OR(H10=20,H10=40)),"Alto",IF(AND(F10=80,H10=60),"Alto",IF(AND(F10=100,AND(H10>=20,H10<=80)),"Alto",IF(H10=80,"Mayor",IF(YI10=100,OR(F10=20,F10=40,F10=60,F10=80,F10=100),"Extremo"))))))))) -> Mayor | J10: =IFERROR(F10*H10,"") -> 1600
B11: 5. Afectación en la prestación de los servicios por fallo en los compomentes de TI críticos para la entidad, debido a la ejecución del cambio propuesto | E11: Muy baja | F11: =IF(E11=Parámetros!$C$7,Parámetros!$D$7,IF('Matriz de Riesgos'!E11=Parámetros!$C$8,Parámetros!$D$8,IF(E11=Parámetros!$C$9,Parámetros!$D$9,IF(E11=Parámetros!$C$10,Parámetros!$D$10,IF(E11=Parámetros!$C$11,Parámetros!$D$11,"Seleccione la probabilidad"))))) -> 20 | G11: Leve: El riesgo afecta la imagen de algún área de la organización. No existen servicios afectados por el cambio. | H11: =IF(G11=Parámetros!$C$15,Parámetros!$D$15,IF(G11=Parámetros!$C$16,Parámetros!$D$16,IF(G11=Parámetros!$C$17,Parámetros!$D$17,IF(G11=Parámetros!$C$18,Parámetros!$D$18,IF(G11=Parámetros!$C$19,Parámetros!$D$19,"Seleccione el impacto"))))) -> 20 | I11: =IF(OR(E11=0,G11=0),"Seleccione la probabilidad y el impacto",IF(AND(F11<=40,H11<=40),"Bajo",IF(AND(OR(F11=60,F11=80),H11>=20,H11<=40),"Moderado",IF(AND(F11<=60,H11=60),"Moderado",IF(AND(F11=100,OR(H11=20,H11=40)),"Alto",IF(AND(F11=80,H11=60),"Alto",IF(AND(F11=100,AND(H11>=20,H11<=80)),"Alto",IF(H11=80,"Mayor",IF(YI11=100,OR(F11=20,F11=40,F11=60,F11=80,F11=100),"Extremo"))))))))) -> Bajo | J11: =IFERROR(F11*H11,"") -> 400
B12: 6. Indisponibilidad de los servicios por fallas generadas en la ejecución del cambio propuesto debido a la carencia de un medio de contingencia para mitigar el impacto | E12: Muy baja | F12: =IF(E12=Parámetros!$C$7,Parámetros!$D$7,IF('Matriz de Riesgos'!E12=Parámetros!$C$8,Parámetros!$D$8,IF(E12=Parámetros!$C$9,Parámetros!$D$9,IF(E12=Parámetros!$C$10,Parámetros!$D$10,IF(E12=Parámetros!$C$11,Parámetros!$D$11,"Seleccione la probabilidad"))))) -> 20 | G12: Leve: El riesgo afecta la imagen de algún área de la organización. No existen servicios afectados por el cambio. | H12: =IF(G12=Parámetros!$C$15,Parámetros!$D$15,IF(G12=Parámetros!$C$16,Parámetros!$D$16,IF(G12=Parámetros!$C$17,Parámetros!$D$17,IF(G12=Parámetros!$C$18,Parámetros!$D$18,IF(G12=Parámetros!$C$19,Parámetros!$D$19,"Seleccione el impacto"))))) -> 20 | I12: =IF(OR(E12=0,G12=0),"Seleccione la probabilidad y el impacto",IF(AND(F12<=40,H12<=40),"Bajo",IF(AND(OR(F12=60,F12=80),H12>=20,H12<=40),"Moderado",IF(AND(F12<=60,H12=60),"Moderado",IF(AND(F12=100,OR(H12=20,H12=40)),"Alto",IF(AND(F12=80,H12=60),"Alto",IF(AND(F12=100,AND(H12>=20,H12<=80)),"Alto",IF(H12=80,"Mayor",IF(YI12=100,OR(F12=20,F12=40,F12=60,F12=80,F12=100),"Extremo"))))))))) -> Bajo | J12: =IFERROR(F12*H12,"") -> 400
E15: Riesgo Total | F15: =IFERROR(IF(AND($F$21>=400,$F$21<=600),"BAJO",IF(AND($F$21>=601,F21<=4000),"MODERADO",IF(AND($F$21>=4001,$F$21<=7999),"ALTO","EXTREMO"))),"Seleecionar") -> BAJO
E17: Bajo | F17: 400-600
E18: Moderado | F18: 601-4000
E19: alto | F19: 4001-7999
E20: Extremo | F20: 8000-10000
E21: Mediana | F21: =MEDIAN(J7:J12) -> 400
A26: 4. PLAN Y GESTIÓN DE RIESGOS / MATRIZ DE IMPACTO VS RIESGOS PRIORIDAD E IMPACTO DEL CAMBIO
A27: 4.1. Riesgo (Validar Matriz de Impacto Vs. Riesgo): | F27: ='Matriz de Riesgos'!$F$15 -> BAJO
A29: 4.2. Urgencia | B29: 4.2.1. Clasificación | D29: 4.2.2. Descripción
B30: BAJO | C30: FALSE | D30: El cambio es requerido para implementar una nueva funcionalidad, mejora o mantenimiento preventivo.
B31: MEDIO | C31: FALSE | D31: El cambio es requerido para resolver un incidente o problema que está causando Intermitencia o degradación del servicio.
B32: ALTO | C32: FALSE | D32: El cambio es requerido para resolver un incidente o problema que está causando Indisponibilidad total del servicio, es un tema regulatorio o es para implementar-modificar una funcionalidad donde están involucrados usuarios VIP, o involucra un servicio crítico para la continuidad del negocio.
A33: 4.3. Análisis del Impacto del Cambio: | B33: Detalle la línea base de los componentes y grupo de personas que se van a ver afectados por el cambio. El Impacto se valora de acuerdo a lo más significante de estos tres componentes: | F33: 4.3.1. CIs (Ítems de configuración) | G33: 4.3.2. Clasificación | I33: 4.3.3. Descripción | K33: 4.4.1. Personas Afectadas/Impactadas: | L33: 4.4.2. Clasificación | O33: 4.4.3. Descripción
G34: BAJO | H34: FALSE | I34: 1 CIs. | L34: BAJO | N34: FALSE | O34: El cambio afecta entre 0 y 10 Personas.
G35: MEDIO | H35: FALSE | I35: 2 CIs | L35: MEDIO | N35: FALSE | O35: El cambio afecta entre 11 y 20 Personas.
G36: ALTO | H36: FALSE | I36: 3 o más CIs | L36: ALTO | N36: FALSE | O36: El cambio afecta más de 20 Personas.
A37: 4.5. Probabilidad: | B37: 4.5.1. Clasificación | D37: 4.5.2. Descripción: Analizar la probabilidad de que sean afectados los servicios o CIs involucrados en el cambio
B38: BAJO | C38: FALSE | D38: En los últimos 12 Meses se ha tenido interrupción, pérdida o degradación del servicio o la información por causa de este tipo de cambios 1 o ninguna vez.
B39: MEDIO | C39: FALSE | D39: En los últimos 12 Meses se ha tenido interrupción, pérdida o degradación del servicio o la información del servicio por causa de este tipo de cambios entre 2 y 3 veces.
B40: ALTO | C40: FALSE | D40: En los últimos 12 Meses se ha tenido interrupción, pérdida o degradación del servicio o la información del servicio por causa de este tipo de cambios más de 4 veces.
G43: Volver al Formato_RFC-Cambio Tecnológico
A45: URGENCIA : | B45: =IF(C30=TRUE,"BAJO",IF(C31=TRUE,"MEDIO",IF(C32=TRUE,"ALTO","Seleccione hoja:""Matriz de Riesgos"))) -> Seleccione hoja:"Matriz de Riesgos | C45: =IF(B45="Bajo",D30,IF(B45="MEDIO",D31,IF(B45="ALTO",D32,"Seleccione hoja:""Matriz de Riesgos - Descripción"))) -> Seleccione hoja:"Matriz de Riesgos - Descripción
A47: Análisis del Impacto del Cambio: | B47: =IF(H34=TRUE,"BAJO",IF(H35=TRUE,"MEDIO",IF(H36=TRUE,"ALTO","Seleccione hoja:""Matriz de Riesgos"))) -> Seleccione hoja:"Matriz de Riesgos | C47: =IF(B47="Bajo",I34,IF(B47="MEDIO",I35,IF(B47="ALTO",I36,"Seleccione hoja:""Matriz de Riesgos - Descripción"))) -> Seleccione hoja:"Matriz de Riesgos - Descripción
A49: Personas Afectadas/Impactadas: | B49: =IF(N34=TRUE,"BAJO",IF(N35=TRUE,"MEDIO",IF(N36=TRUE,"ALTO","Seleccione hoja:""Matriz de Riesgos"))) -> Seleccione hoja:"Matriz de Riesgos | C49: =IF(B49="Bajo",O34,IF(B49="MEDIO",O35,IF(B49="ALTO",O36,"Seleccione hoja:""Matriz de Riesgos - Descripción"))) -> Seleccione hoja:"Matriz de Riesgos - Descripción
A51: PROBABILIDAD: | B51: =IF(C38=TRUE,"BAJO",IF(C39=TRUE,"MEDIO",IF(C40=TRUE,"ALTO","Seleccione hoja:""Matriz de Riesgos"))) -> Seleccione hoja:"Matriz de Riesgos | C51: =IF(B49="Bajo",D38,IF(B49="MEDIO",D39,IF(B49="ALTO",D40,"Seleccione hoja:""Matriz de Riesgos - Descripción"))) -> Seleccione hoja:"Matriz de Riesgos - Descripción
B70: PÁSAR URGENCIA
B72: COMENTARIO EN CADA CELDA - INSTRUCTIVO
B74: ESTADO DEL CONTROL DE CAMBIOS RFC
B75: ACTIVO
B76: CERRADO

Sheet Parámetros
B2: DIRECCIÓN DE GESTIÓN DE INFORMACIÓN - DGI
B3: GT - GESTIÓN DE PLATAFORMA DE TECNOLOGIAS DE INFORMACIÓN
B4: MATRIZ DE PARÁMETROS CONTROL DE CAMBIOS TECNOLÓGICOS
C6: Probabilidad | D6: % | F6: Riesgo | G6: Valor Riesgo | K6: tipo de cambios
C7: Muy baja | D7: 20 | F7: BAJO | G7: 1 | K7: 2 | L7: #VALUE! | N7: #VALUE!
C8: Baja | D8: 40 | F8: MODERADO | G8: 2 | L8: #VALUE! | N8: #VALUE!
C9: Media | D9: 60 | F9: ALTO | G9: 3 | L9: #VALUE! | N9: #VALUE!
C10: Alta | D10: 80 | F10: EXTREMO | G10: 4
C11: Muy alta | D11: 100
C14: Impacto | D14: % | F14: Nivel de Impacto | G14: Afectación Reputacional
C15: Leve: El riesgo afecta la imagen de algún área de la organización. No existen servicios afectados por el cambio. | D15: 20 | F15: Leve 20% | G15: El riesgo afecta la imagen de algún área de la Entidad
C16: Menor: El riesgo afecta la imagen de la entidad internamente. Se afecta un servicio | D16: 40 | F16: Menor 40% | G16: El riesgo afecta la imagen de la Entidad Internamente
C17: Moderado: El riesgo afecta la imagen de la entidad con algunos grupos de valor. Se afecta más de un servicio. | D17: 60 | F17: Moderado 60% | G17: El riesgo afecta la imagen de la Entidad con algunos grupos de valor o interes
C18: Mayor: El riesgo afecta la imagen de la entidad con efecto publicitario sostenido en el sector Minero a nivel departamental o municipal / Sede Regional. Se afecta más de un servicio. | D18: 80 | F18: Mayor 80% | G18: El riesgo afecta la imagen de la Entidad con efecto publicitario sostenido en el sector minero a nivel departamental, regional, o sedes del SGC
C19: Catastrófico: el riesgo afecta la imagen de la entidad con efecto publicitario sostenido en el sector Minero a nivel nacional. Se afectan todos los servicios. | D19: 100 | F19: Castastrófico 100% | G19: El riesgo afecta la imagen de la Entidad con efecto publicitario sostenido en el sector minero a nivel nacional.
